 Dungeon Crawl Stone Soup version 0.25.1-2-g60ff931df9 (webtiles) character file.

Game seed: 2571146372286897962

24474 Johnny the Geomancer (level 12, -2/81 HPs)
             Began as a Demigod Earth Elementalist on Oct 25, 2020.
             Killed by divine providence
             ... invoked by an orc priest
              (16 damage)
             ... on level 12 of the Dungeon.
             The game lasted 00:18:07 (16029 turns).

Johnny the Geomancer (Demigod Earth Elementalist)  Turns: 16029, Time: 00:18:08

Health: -2/81      AC: 10    Str: 11    XL:     12   Next: 46%
Magic:  5/30       EV: 31    Int: 27    God:
Gold:   299        SH:  7    Dex: 16    Spells: 17/30 levels left

rFire    . . .     SeeInvis +   a - +2 dagger (venom)
rCold    . . .     Gourm    .   x - +0 buckler
rNeg     . . .     Faith    .   K - +0 robe of Generosity {Harm Stlth+}
rPois    .         Spirit   .   g - +2 hat {MR+}
rElec    .         Reflect  .   t - +1 cloak
rCorr    .         Harm     +   y - +0 pair of gloves
MR       ++...                  O - +2 pair of boots
Stlth    +++.......             q - amulet of the acrobat
HPRegen  0.23/turn              C - ring of see invisible
MPRegen  0.22/turn              j - +4 ring of evasion

@: marked, acrobat
A: high mp 1
a: no special abilities


You were on level 12 of the Dungeon.
You were not hungry.

You visited 2 branches of the dungeon, and saw 14 of its levels.

You collected 1711 gold pieces.
You spent 1412 gold pieces at shops.

Inventory:

Hand Weapons
 a - a +2 dagger of venom (weapon)
 H - the +7 halberd of Dishonesty {vamp, rN+ Str+5, unknown}
   (You found it on level 10 of the Dungeon)

   It inflicts no extra harm, but heals its wielder when it wounds a living foe.
   It affects your strength (+5).
   It protects you from negative energy.
Missiles
 b - 91 stones (quivered)
Armour
 g - a +2 hat of magic resistance (worn)
 t - a +1 cloak (worn)
 x - a +0 buckler (worn)
 y - a +0 pair of gloves (worn)
 K - the +0 robe of Generosity (worn) {Harm Stlth+}
   (You bought it in a shop on level 10 of the Dungeon)

   It increases damage dealt and taken.
   It makes you more stealthy.
 O - a +2 pair of boots (worn)
 P - a +1 helmet
Jewellery
 j - a +4 ring of evasion (right hand)
 q - an amulet of the acrobat (around neck)
 w - an uncursed ring of poison resistance
 C - a ring of see invisible (left hand)
 F - an uncursed ring of wizardry
 N - an uncursed ring of protection from fire
 S - an uncursed ring of protection from magic {unknown}
Wands
 n - a wand of paralysis (3)
 s - a wand of digging (5)
Scrolls
 c - 4 scrolls of noise
 h - 3 scrolls of fear
 l - 4 scrolls of immolation
 o - 2 scrolls of enchant armour
 p - 8 scrolls of teleportation
 A - 3 scrolls of amnesia
 I - 2 scrolls of fog
 L - a scroll of remove curse
 Q - a scroll of blinking
Potions
 e - a potion of heal wounds
 f - 9 potions of curing
 i - a potion of ambrosia {unknown}
 k - a potion of degeneration
 m - 4 potions of brilliance {unknown}
 r - a potion of resistance {unknown}
 u - 3 potions of lignification {unknown}
 v - a potion of stabbing {unknown}
 z - 2 potions of mutation {unknown}
 B - 3 potions of flight {unknown}
 D - 2 potions of berserk rage {unknown}
 G - a potion of cancellation {unknown}
Miscellaneous
 J - a tin of tremorstones (2/3)
 R - a box of beasts
Comestibles
 d - 21 rations
 E - 5 chunks of flesh


   Skills:
 - Level 1.7 Dodging
 - Level 1.7 Stealth
 + Level 9.6 Shields
 + Level 9.6 Spellcasting
 - Level 0.8 Transmutations
 * Level 14.1 Earth Magic


You had 17 spell levels left.
You knew the following spells:

 Your Spells              Type           Power        Failure   Level  Hunger
a - Sandblast             Erth           ######       0%          1    None
b - Stone Arrow           Conj/Erth      ######       1%          3    None
c - Lee's Rapid Deconstr  Erth           ######....   1%          5    ####...
d - Petrify               Tmut/Erth      ######..     1%          4    None

Your spell library contained the following spells:

 Spells                   Type           Power        Failure   Level  Hunger
 Passwall                 Tmut/Erth      ######..     1%          2    None
 Infusion                 Chrm           ##..         4%          1    None
 Shroud of Golubria       Chrm/Tloc      ##....       7%          2    None
 Song of Slaying          Chrm           ##......     7%          2    None
 Ozocubu's Armour         Chrm/Ice       ##......     14%         3    None
 Spectral Weapon          Hex/Chrm       ##......     14%         3    None


Dungeon Overview and Level Annotations

Branches:
Dungeon (12/15)            Temple (0/1) D:7            Lair (0/6) D:10
    Orc (2/2) D:10            Elf (0/3) Orc:2

Shops:
D:8 (   D:10 [   Orc:1 %   Orc:2 }*[*


Innate Abilities, Weirdness & Mutations

You have an increased reservoir of magic. (+10% MP)


Message History

Press: ? - help, Shift-Dir - straight line, f/p - unseen horror
Aim: an unseen horror (heavily wounded, slightly transparent, paralysed)
The blast of sand hits the unseen horror!
The unseen horror is almost dead.
b - 91 stones The orc priest mumbles some strange prayers to Beogh against you.
You resist with almost no effort.
The orc priest calls down the wrath of Beogh upon you.
Beogh smites you!
The orc priest looks braver for a moment.
Evoke which item? (* to show all) (? for menu, Esc to quit)
Aiming: Dig
Press: ? - help, Shift-Dir - straight line, p - unseen horror The rock shatters into small pieces.
The orc priest invokes the aid of Beogh against you.
Beogh smites you!
* * * LOW HITPOINT WARNING * * *
The orc priest invokes the aid of Beogh against you.
Beogh smites you!
You die...

##..... ##......
##....... ##
##........ #.#
##......... #.#
##.......... #.#
##.........[. #.##
##............
#@###.............
##.#..............
##o..............
##).o...........§§
##..............§§.
#................≈§
#....o.x.o........§§
#.......o(.......§§§≈
#..................§§≈


You could see an unseen horror (invisible, paralysed), 2 orc priests, an orc
wizard and an orc.

Vanquished Creatures
  Jorgrun (D:12)
  Gastronok (D:11)
  An ettin (Orc:1)
  A death knight (D:11)
  2 two-headed ogres
  8 orc knights (Orc:2)
  An oklob plant (D:7)
  An ugly thing (D:12)
  A gargoyle (D:10)
  A komodo dragon (D:11)
  A centaur skeleton (D:10)
  3 trolls
  3 hippogriffs
  Prince Ribbit (D:6)
  A spriggan (D:7)
  Sigmund (D:2)
  8 yaks (D:10)
  2 hungry ghosts
  A fire elemental (D:12)
  A steam dragon (D:10)
  Menkaure (D:6)
  7 wargs (Orc:2)
  A soldier ant (D:11)
  2 water moccasins
  3 sky beasts
  3 phantoms
  29 orc warriors
  2 ice beasts
  8 ogres
  8 centaurs
  2 necrophages
  2 crocodiles
  7 bullfrogs
  A wyvern zombie (D:8)
  A water moccasin zombie (D:8)
  4 scorpions
  4 wights (D:6)
  4 howler monkeys
  2 bullfrog zombies
  8 crimson imps
  A centaur zombie (D:9)
  2 hounds
  2 quasits
  Crazy Yiuf (D:2)
  3 bullfrog skeletons
  13 orc priests
  7 jellies
  13 orc wizards
  6 iguanas
  11 worker ants
  A hound skeleton (D:6)
  Robin (D:2)
  5 gnolls (D:4)
  A howler monkey skeleton (D:10)
  10 adders
  2 shadow imps
  2 oozes
  2 worms
  A dart slug (D:1)
  3 leopard geckos
  75 orcs
  A bat (D:1)
  4 giant cockroaches
  19 goblins
  9 hobgoblins
  7 jackals
  3 quokkas
  A ball python (D:2)
  5 frilled lizards (D:1)
  2 jackal skeletons (D:5)
  11 kobolds
  A leopard gecko skeleton (D:4)
  2 quokka skeletons
  4 rats
  4 plants (D:7)
374 creatures vanquished.

Vanquished Creatures (others)
  An orc (D:12)
  14 toadstools (D:7)
15 creatures vanquished.

Grand Total: 389 creatures vanquished

Notes
Turn   | Place    | Note
-------+----------+-------------------------------------------
     0 | D:1      | Johnny the Demigod Earth Elementalist began the quest for
                  | the Orb.
     0 | D:1      | Reached XP level 1. HP: 14/14 MP: 5/5
   246 | D:1      | Reached skill level 3 in Earth Magic
   407 | D:1      | Reached XP level 2. HP: 20/20 MP: 7/7
  1427 | D:2      | Noticed Sigmund
  1433 | D:2      | Killed Sigmund
  1433 | D:2      | Reached skill level 4 in Earth Magic
  1433 | D:2      | Reached XP level 3. HP: 15/26 MP: 6/10
  1433 | D:2      | Reached XP level 4. HP: 19/33 MP: 6/11
  1433 | D:2      | Reached XP level 5. HP: 22/38 MP: 6/12
  1665 | D:2      | Noticed Robin
  1685 | D:2      | Killed Robin
  1685 | D:2      | Reached skill level 5 in Earth Magic
  2089 | D:2      | Found a runed translucent door.
  2090 | D:2      | Noticed Crazy Yiuf
  2137 | D:2      | Killed Crazy Yiuf
  2394 | D:3      | Learned a level 3 spell: Stone Arrow
  2400 | D:3      | Learned a level 5 spell: Lee's Rapid Deconstruction
  3054 | D:4      | Found an iron altar of Okawaru.
  3055 | D:4      | Reached XP level 6. HP: 45/45 MP: 12/14
  3219 | D:5      | Entered Level 5 of the Dungeon
  3337 | D:4      | Reached skill level 6 in Earth Magic
  3730 | D:4      | Reached skill level 1 in Shields
  3910 | D:4      | Reached XP level 7. HP: 41/50 MP: 16/16
  4605 | D:5      | Found a hide-covered altar of Uskayaw.
  4673 | D:5      | Found a sparkling altar of Nemelex Xobeh.
  4736 | D:5      | Reached skill level 7 in Earth Magic
  4934 | D:6      | Noticed Prince Ribbit
  4938 | D:6      | Killed Prince Ribbit
  4978 | D:6      | Reached XP level 8. HP: 57/57 MP: 15/18
  5000 | D:6      | Found a shadowy altar of Dithmenos.
  5001 | D:6      | Found a hazy altar of Hepliaklqana.
  5336 | D:6      | Reached skill level 5 in Spellcasting
  5410 | D:6      | Reached skill level 8 in Earth Magic
  5520 | D:6      | Noticed Menkaure
  5528 | D:6      | Killed Menkaure
  5831 | D:6      | Found a basalt altar of Yredelemnul.
  6110 | D:6      | Found a shimmering blue altar of Sif Muna.
  6301 | D:6      | Found an ornate altar of the Wu Jian Council.
  6532 | D:7      | Learned a level 4 spell: Petrify
  6532 | D:7      | Found a staircase to the Ecumenical Temple.
  6581 | D:7      | Reached XP level 9. HP: 62/62 MP: 21/21
  6589 | D:7      | Reached skill level 9 in Earth Magic
  6806 | D:7      | Found a burning altar of Makhleb.
  6882 | D:7      | Found a shimmering altar of Xom.
  7339 | D:7      | Reached skill level 5 in Shields
  7450 | D:7      | Found a blossoming altar of Fedhas.
  7464 | D:7      | Noticed an oklob plant
  7617 | D:7      | Killed an oklob plant
  7786 | D:8      | Reached skill level 10 in Earth Magic
  8068 | D:8      | Found a shattered altar of Ashenzari.
  8523 | D:8      | Found Ehomnad's Weapon Shop.
  9207 | D:9      | Reached XP level 10. HP: 69/69 MP: 13/24
  9738 | D:9      | Found a viscous altar of Jiyva.
  9749 | D:9      | Found an opulent altar of Gozag.
 10187 | D:10     | Entered Level 10 of the Dungeon
 10187 | D:10     | Found a staircase to the Lair.
 10190 | D:10     | Got a faintly glowing halberd
 10339 | D:10     | Reached skill level 11 in Earth Magic
 10884 | D:10     | Found Riaczib's Armour Shoppe.
 10885 | D:10     | Found a staircase to the Orcish Mines.
 10982 | D:10     | Bought the +0 robe of Generosity {Harm Stlth+} for 147 gold
                  | pieces
 12081 | Orc:1    | Entered Level 1 of the Orcish Mines
 12081 | Orc:1    | Found Kutef's Food Shoppe.
 12088 | Orc:1    | Noticed an ettin
 12089 | Orc:1    | Reached XP level 11. HP: 72/74 MP: 11/27
 12097 | Orc:1    | Killed an ettin
 12097 | Orc:1    | Reached skill level 12 in Earth Magic
 12279 | Orc:2    | Entered Level 2 of the Orcish Mines
 12554 | Orc:2    | Found Xiusoiw's Antique Armour Emporium.
 12554 | Orc:2    | Noticed an orc knight
 12554 | Orc:2    | Noticed an orc knight
 12562 | Orc:2    | Killed an orc knight
 12568 | Orc:2    | Killed an orc knight
 12572 | Orc:2    | Noticed an orc knight
 12589 | Orc:2    | Killed an orc knight
 12591 | Orc:2    | Noticed an orc knight
 12893 | Orc:2    | Found Kooror's General Store.
 12936 | Orc:2    | Killed an orc knight
 13247 | Orc:2    | Bought a glowing helmet for 247 gold pieces
 13256 | Orc:2    | Bought a potion of curing for 42 gold pieces
 13288 | Orc:2    | Noticed an orc knight
 13290 | Orc:2    | Noticed an orc knight
 13304 | Orc:2    | Killed an orc knight
 13311 | Orc:2    | Killed an orc knight
 13314 | Orc:2    | Noticed an orc knight
 13336 | Orc:2    | Killed an orc knight
 13659 | Orc:2    | Reached skill level 13 in Earth Magic
 13920 | Orc:2    | Found a roughly hewn altar of Beogh.
 13934 | Orc:2    | Found Animesm's Gadget Emporium.
 13934 | Orc:2    | Found Akhle's Assorted Antiques.
 13998 | Orc:2    | Bought a weird smoking staff for 384 gold pieces
 13998 | Orc:2    | Bought a scroll of identify for 64 gold pieces
 13998 | Orc:2    | Bought 2 potions of curing for 192 gold pieces
 13998 | Orc:2    | Bought a scroll of teleportation for 96 gold pieces
 13998 | Orc:2    | Bought a pair of glowing boots for 240 gold pieces
 14246 | Orc:2    | Noticed an orc knight
 14250 | Orc:2    | Killed an orc knight
 14486 | Orc:2    | Found a staircase to the Elven Halls.
 14488 | Orc:2    | Noticed a two-headed ogre
 14493 | Orc:2    | Killed a two-headed ogre
 14972 | D:11     | Noticed a death knight
 14976 | D:11     | Killed a death knight
 14976 | D:11     | Reached XP level 12. HP: 81/81 MP: 8/29
 15260 | D:11     | Noticed Gastronok
 15301 | D:11     | Killed Gastronok
 15916 | D:12     | Noticed Jorgrun
 15933 | D:12     | Killed Jorgrun
 15933 | D:12     | Reached skill level 14 in Earth Magic
 16029 | D:12     | Killed from afar by an orc priest

Illustrated notes

Levels and vault maps discovered:
D:1:      dpeg_arrival_arbitrary_b, layout_basic
D:2:      layout_rooms, first_ration, serial_bayou_pond_d, uniq_robin,
          uniq_sigmund, uniq_crazy_yiuf_cottage
D:3:      layout_rooms
D:4:      layout_cave_pods, okawaru_altar_gauntlet_db
D:5:      layout_cave_pools, kennysheep_mini, overflow_temple_1_default
D:6:      minmay_polygon_palace, layout_loops_ring,
          lemuel_coloured_pillars_altar, lemuel_blue_sif_altar,
          kennysheep_little_box, riverfiend_overflow_shadow_ancestor,
          uniq_menkaure, uniq_prince_ribbit1
D:7:      layout_rooms, lemuel_round_altar, tgw_fedhas, bloody_makhleb,
          minmay_temple_entry_glassed_door, the_bakery
D:8:      layout_basic, nicolae_ashenzari_panopticon, serial_shops, shop,
          chequers_serial_rivers_large_b
D:9:      layout_basic, nicolae_overflow_crystal_walls, jiyva_altar_1
D:10:     layout_irregular_city, lair_entry_dummy, orc_david_3,
          minmay_misc_feat_encased
D:11:     layout_rooms, uniq_gastronok
D:12:     layout_big_octagon, enter_bailey_7, uniq_jorgrun
Orc:1:    layout_diamond_mine, serial_shops, nicolae_shop_statue_plus
Orc:2:    st_orc_town, layout_caves

Skill      XL: |  1  2  3  4  5  6  7  8  9 10 11 12 |
---------------+-------------------------------------+-----
Earth Magic    | 3 4 5 6 7 8 10 11 13 14 | 14.1
Spellcasting   | 2 3 4 5 6 7 9 |  9.6
Shields        | 1 2 4 5 7 8 9 |  9.6
Dodging        | |  1.7
Stealth        | |  1.7
Transmutations | |  0.8

Action                   |  1- 3 |  4- 6 |  7- 9 | 10-12 || total
-------------------------+-------+-------+-------+-------++-------
Melee: Dagger            |    58 |   121 |   324 |   286 ||   789
       Unarmed           |     4 |       |       |       ||     4
Throw: Stone             |       |       |       |     3 ||     3
 Cast: Sandblast         |     9 |    32 |    90 |   123 ||   254
       Stone Arrow       |       |       |    31 |    64 ||    95
       Lee's Rapid Decon |       |       |     9 |    47 ||    56
       Petrify           |       |       |       |     4 ||     4
Evoke: Wand              |       |       |     2 |    24 ||    26
       Tin of tremorston |       |       |       |     3 ||     3
  Use: Scroll            |       |     5 |     6 |     5 ||    16
       Potion            |       |       |       |     2 ||     2
 Stab: Sleeping          |     2 |     1 |       |     1 ||     4
       Distracted        |     1 |       |       |     1 ||     2
       Paralysed         |       |       |     6 |    36 ||    42
       Petrifying        |       |       |       |     2 ||     2
  Eat: Chunk             |     1 |     8 |    20 |    20 ||    49
       Ration            |       |       |     1 |     3 ||     4
Armor: Robe              |     3 |       |       |    37 ||    40
       Ring mail         |     7 |    47 |   133 |    58 ||   245
Dodge: Dodged            |    38 |    62 |   173 |   185 ||   458
Block: Buckler           |       |     5 |    76 |   103 ||   184
